 Dungeon Crawl Stone Soup version 0.28-a0-556-gab23d0e057 (webtiles) character file.

Game seed: 13421251792381201761

130 Rennog the Skirmisher (level 4, 0/37 HPs)
             Began as a Vampire Fighter on Sept 28, 2021.
             Slain by an orc (5 damage)
             ... on level 2 of the Dungeon.
             The game lasted 00:03:06 (1709 turns).

Rennog the Skirmisher (Vampire Fighter)             Turns: 1709, Time: 00:03:06

Health: 0/37       AC:  6    Str: 16    XL:     4   Next: 90%
Magic:  4/4        EV:  9    Int: 10    God:
Gold:   127        SH:  4    Dex: 13    Spells: 3/3 levels left

rFire   . . .      SeeInvis +   a - +0 rapier
rCold   . . .      Faith    .   c - +0 buckler
rNeg    . . .      Spirit   .   b - +0 scale mail
rPois   .          Reflect  .   (no helmet)
rElec   .          Harm     .   (no cloak)
rCorr   .          Rampage  .   (no gloves)
Will    +....                   (no boots)
Stlth   +.........              (no amulet)
HPRegen 0.32/turn               i - ring of willpower
MPRegen 0.09/turn               (no ring)

@: healing quickly
A: alive, fangs 3, see invisible, vampiric 2
a: Exsanguinate


You were on level 2 of the Dungeon.
You visited 1 branch of the dungeon, and saw 3 of its levels.

You collected 127 gold pieces.

Inventory:

Hand Weapons
 a - a +0 rapier (weapon)
Armour
 b - a +0 scale mail (worn)
 c - a +0 buckler (worn)
Jewellery
 i - a ring of willpower (left hand)
Wands
 h - a wand of iceblast (13)
Scrolls
 e - a scroll of identify {unknown}
 f - 3 scrolls of teleportation {unknown}
 g - a scroll of silence {unknown}
Potions
 d - a potion of might


   Skills:
 * Level 4.1 Fighting
 - Level 2.1 Short Blades
 - Level 2.4 Armour
 + Level 2.3 Dodging
 + Level 3.4 Stealth
 - Level 2.6 Shields


You had 3 spell levels left.
You didn't know any spells.
Your spell library contained the following spells:

 Spells                   Type           Power      Damage    Failure   Level
 Foxfire                  Conj/Fire      0%         2x1d4     85%         1


Dungeon Overview and Level Annotations

Branches:
Dungeon (3/15)

Altars:

Shops:
D:1 *


Innate Abilities, Weirdness & Mutations

Your natural rate of healing is accelerated.
You have razor-sharp teeth.
You have supernaturally acute eyesight. (SInv)
You are afflicted with vampirism and can become a bat while bloodless.


Message History

The orc barely misses you. x2; The orc hits you with a +0 falchion.
You closely miss the orc. You block the orc's attack.
The orc hits you with a +0 falchion.
You barely miss the orc. Your bite misses the orc. You block the orc's attack.
The orc hits you with a +0 falchion.
You are too injured to fight recklessly!
You are too injured to fight recklessly!
You are too injured to fight recklessly!
You are too injured to fight recklessly!
You are too injured to fight recklessly!
You are too injured to fight recklessly!
You are too injured to fight recklessly!
You are too injured to fight recklessly!
You are too injured to fight recklessly!
You are too injured to fight recklessly!
You are too injured to fight recklessly!
You are too injured to fight recklessly!
You are too injured to fight recklessly!
You are too injured to fight recklessly!
You are too injured to fight recklessly!
You are too injured to fight recklessly!
You are too injured to fight recklessly!
You are too injured to fight recklessly!
You are too injured to fight recklessly!
You hit the orc but do no damage. The orc hits you but does no damage.
The orc hits you with a +0 falchion.
You barely miss the orc. You block the orc's attack.
The orc hits you with a +0 falchion.
* * * LOW HITPOINT WARNING * * *
You hit the orc. Your bite misses the orc.
The orc is almost dead.
The orc hits you but does no damage. x2
The orc hits you with a +0 short sword.
* * * LOW HITPOINT WARNING * * *
You hit the orc but do no damage. You bite the orc.
You kill the orc!
The orc hits you with a +0 falchion.
* * * LOW HITPOINT WARNING * * *
The orc hits you with a +0 falchion.
You die...

##♣P≈....≈≈≈≈≈≈≈#
.♣♣≈≈....≈≈≈≈P≈♣#
.♣♣≈≈≈...♣≈≈≈≈P♣
#♣♣≈≈≈...≈≈P≈≈≈♣##
.♣♣≈P≈..≈≈≈≈≈≈≈≈.#
.♣♣≈≈P....≈≈≈P≈♣.#
##♣≈≈≈...≈≈≈≈♣♣..#
...♣♣≈≈...≈≈..##.#
.###♣♣≈..♣P...##@#
.# #.≈≈........#o#
.###.P♣........#o#
..##.##........#.#
..##.#####.......#
..##.# ###.....#
#.##.# #.#####
..##.# #.#
...#.#######.#


You could see 2 orcs.

Vanquished Creatures
  Ijyb (D:3)
  4 gnolls (D:2)
  2 adders (D:2)
  2 orcs (D:2)
  4 ball pythons
  3 endoplasms (D:2)
  7 giant cockroaches
  4 goblins
  4 hobgoblins
  2 jackals (D:2)
  2 kobolds
  A quokka (D:2)
  3 bats
  3 frilled lizards
  2 rats (D:2)
44 creatures vanquished.

Vanquished Creatures (others)
  35 plants (D:2)
35 creatures vanquished.

Grand Total: 79 creatures vanquished

Notes
Turn   | Place    | Note
-------+----------+-------------------------------------------
     0 | D:1      | Rennog the Vampire Fighter began the quest for the Orb.
     0 | D:1      | Reached XP level 1. HP: 17/17 MP: 1/1
    41 | D:1      | Found Annisiv's General Store.
    82 | D:1      | Found a faded altar of an unknown god.
    85 | D:1      | Got Plato's Guide on Confrontation
   310 | D:1      | Reached skill level 1 in Stealth
   329 | D:1      | Reached skill level 3 in Fighting
   329 | D:1      | Reached XP level 2. HP: 24/24 MP: 2/2
   440 | D:1      | You fall into a shaft and drop 1 floor!
   477 | D:2      | Reached skill level 1 in Dodging
   479 | D:2      | Gained mutation: You are afflicted with vampirism and can
                  | become a bat while bloodless. [Vampire growth]
   479 | D:2      | Reached XP level 3. HP: 7/29 MP: 3/3
   957 | D:2      | Reached XP level 4. HP: 36/37 MP: 4/4
  1532 | D:3      | Noticed Ijyb
  1555 | D:3      | Killed Ijyb
  1556 | D:3      | Reached skill level 4 in Fighting
  1709 | D:2      | Slain by an orc

Illustrated notes

Levels and vault maps discovered:
D:1:      lemuel_arrival_funnel, layout_basic,
          shapermc_ecumenical_altar_rom_forum, serial_shops,
          nicolae_shop_temple_entry_statues_fountains, due_unseen_surprise
D:2:      layout_loops_ring, serial_bayou, serial_bayou_ford_a,
          serial_bayou_pond_b, serial_bayou_pond_a, serial_bayou_shore_a,
          serial_bayou_lagoon_a, serial_bayou_pond_a
D:3:      layout_loops_cross, nicolae_overflow_crystal_walls,
          minmay_overflow_temple_star_quad, uniq_ijyb, uniq_grinder, uniq_robin

Skill      XL: |  1  2  3  4 |
---------------+-------------+-----
Stealth        | 1 2 3 |  3.4
Fighting       | 3 4 |  4.1
Dodging        | 1 2 |  2.3
Short Blades   | |  2.1
Armour         | |  2.4
Shields        | |  2.6

Action                   |  1- 3 |  4- 6 || total
-------------------------+-------+-------++-------
Melee: Rapier            |    69 |    67 ||   136
       Bite              |     3 |     7 ||    10
       Unarmed           |       |    17 ||    17
Armor: Scale mail        |    20 |    26 ||    46
       Skin              |       |     1 ||     1
Dodge: Dodged            |    29 |    46 ||    75
Block: Buckler           |    14 |    21 ||    35

Table legend: (Time is in decaauts)
 A = Elapsed time spent in this place.
 B = Non-inter-level travel time spent in this place.
 C = Inter-level travel time spent in this place.
 D = Time resting spent in this place.
 E = Time spent auto-exploring this place.
 F = Levels seen in this place.
 G = Mean time per level.
                   A        B        C        D        E       F      G
               +--------+--------+--------+--------+--------+-----+--------+
         Total |   1756 |   1695 |     61 |    102 |   1234 |   3 |  585.3 |
       Dungeon |   1756 |   1695 |     61 |    102 |   1234 |   3 |  585.3 |
               +--------+--------+--------+--------+--------+-----+--------+

Top non-repeatable levels by time:
     D:2: 1067 daAuts
     D:1: 577 daAuts
     D:3: 111 daAuts
